 Dungeon Crawl Stone Soup version 0.29.1-2-gbd0b4ee654 (webtiles) character file.

Game seed: 8119438908408045100

93 Ivernyr the Sneak (level 4, -1/36 HPs)
             Began as a Naga Enchanter on Nov 3, 2022.
             Slain by an orc
             ... wielding a +0 hand axe
              (6 damage)
             ... on level 3 of the Dungeon.
             The game lasted 00:07:44 (2888 turns).

Ivernyr the Sneak (Naga Enchanter)                  Turns: 2888, Time: 00:07:45

Health: -1/36      AC:  2    Str: 10    XL:     4   Next: 62%
Magic:  1/7        EV: 10    Int: 17    God:
Gold:   168        SH:  0    Dex: 12    Spells: 6/8 levels left

rFire   + . .      SeeInvis +   a - +1 dagger
rCold   + . .      Faith    .   (no shield)
rNeg    . . .      Spirit   .   b - +0 robe
rPois   +          Reflect  .   (no helmet)
rElec   .          Harm     .   g - scarf {rC+ rF+}
rCorr   .          Rampage  .   (no gloves)
Will    .....                   (no barding)
Stlth   +++.......              (no amulet)
HPRegen 0.12/turn               (no ring)
MPRegen 0.10/turn               (no ring)

@: short of breath, very slightly contaminated, very slow
A: AC +1, large, see invisible, deformed body, poison resistance, slowness 2,
spit poison 1, naga tail 1
a: Spit Poison


You were on level 3 of the Dungeon.
You visited 1 branch of the dungeon, and saw 3 of its levels.

You collected 168 gold pieces.

Inventory:

Hand Weapons
 a - a +1 dagger (weapon)
Armour
 b - a +0 robe (worn)
 g - a scarf of resistance (worn)
Scrolls
 d - 3 scrolls of identify {unknown}
 i - a scroll of immolation {unknown}
 j - a scroll of vulnerability {unknown}
 k - a scroll of poison {unknown}
 m - a scroll of enchant weapon {unknown}
 o - 2 scrolls of noise {unknown}
Potions
 c - 2 potions of invisibility
 e - 2 potions of haste {unknown}
 f - a potion of ambrosia {unknown}
 h - 2 potions of heal wounds {unknown}
 l - a potion of curing {unknown}
 n - a potion of lignification {unknown}
 p - 2 potions of cancellation {unknown}


   Skills:
 + Level 2.0 Short Blades
 - Level 1.5 Dodging
 * Level 6.1 Stealth
 + Level 2.5 Spellcasting
 + Level 3.5 Hexes


You had 6 spell levels left.
You knew the following spells:

 Your Spells              Type           Power      Damage    Failure   Level
a - Ensorcelled Hibernat  Hex/Ice        16%        N/A       13%         2

Your spell library contained the following spells:

 Spells                   Type           Power      Damage    Failure   Level
 Confusing Touch          Hex            14%        N/A       13%         3
 Tukima's Dance           Hex            14%        N/A       13%         3
 Dazzling Flash           Conj/Hex       16%        N/A       26%         3
 Petrify                  Tmut/Erth      2%         N/A       88%         4
 Metabolic Englaciation   Hex/Ice        4%         N/A       94%         5
 Statue Form              Tmut/Erth      1%         N/A       100%        6


Dungeon Overview and Level Annotations

Branches:
Dungeon (3/15)

Altars:
Dithmenos
Xom


Innate Abilities, Weirdness & Mutations

Your serpentine skin is tough. (AC +1)
You have supernaturally acute eyesight. (SInv)
Armour fits poorly on your strangely shaped body.
Your system is resistant to poisons. (rPois)
You cover ground very slowly.
You can spit poison.
You have a snake-like lower body.


Message History

Press: ? - help, Shift-Dir - straight line, f - orc
Aim: an orc, wielding a +0 hand axe and wearing a +0 leather armour (59% to hit)
The splash of poison misses the orc.
Unknown command.
Casting: Ensorcelled Hibernation (safe; 13% risk of failure)
Confirm with . or Enter, or press ? or * to list all spells.
Aiming: Ensorcelled Hibernation (safe; 13% risk of failure)
Press: ? - help, Shift-Dir - straight line, f/p - orc
Aim: an orc, wielding a +0 hand axe and wearing a +0 leather armour (chance to affect: 59%)
You miscast Ensorcelled Hibernation.
You are very lightly contaminated with residual magic.
Nothing appears to happen.
The orc hits you with a +0 hand axe. The orc hits you with a +0 mace.
Casting: Ensorcelled Hibernation (safe; 13% risk of failure)
Confirm with . or Enter, or press ? or * to list all spells.
Aiming: Ensorcelled Hibernation (safe; 13% risk of failure)
Press: ? - help, Shift-Dir - straight line, f/p - orc
Aim: an orc, wielding a +0 hand axe and wearing a +0 leather armour (chance to affect: 59%)
The orc resists with significant effort.
The orc barely misses you. The orc closely misses you.
Casting: Ensorcelled Hibernation (safe; 13% risk of failure)
Confirm with . or Enter, or press ? or * to list all spells.
Aiming: Ensorcelled Hibernation (safe; 13% risk of failure)
Press: ? - help, Shift-Dir - straight line, f/p - orc
Aim: an orc, wielding a +0 hand axe and wearing a +0 leather armour (chance to affect: 59%)
You miscast Ensorcelled Hibernation.
Nothing appears to happen.
The orc misses you. The orc hits you with a +0 mace.
Unknown command.
Casting: Ensorcelled Hibernation (safe; 13% risk of failure)
Confirm with . or Enter, or press ? or * to list all spells.
You don't have enough magic to cast this spell.
You can't do that yet.
Unknown command.
The orc attacks as you move away! The orc hits you with a +0 mace!
The orc hits you with a +0 mace.
* * * LOW HITPOINT WARNING * * *
The orc hits you with a +0 hand axe.
* * * LOW HITPOINT WARNING * * *
The orc attacks as you move away! The orc hits you with a +0 hand axe.
You die...

##..8...)#.#
......
#..........#
######
#..........# .###
#..........##
....... ....
#....(......#
....... .###
#...........#
....... +..
#...........#
....... ###
#........_..#
....... +..
#####....8.@##
....... ###
##..._.oo##..o.o..
#.......o......o.
###
#...######.......
+.. #### .......
##. ############.
#.....
#######.###.
............


You could see 3 orcs.

Vanquished Creatures
  A gnoll (D:1)
  A howler monkey skeleton (D:3)
  An adder (D:2)
  An adder skeleton (D:3)
  A worm (D:2)
  3 dart slugs
  5 orcs
  2 endoplasms (D:2)
  2 giant cockroaches (D:1)
  3 goblins
  3 hobgoblins
  3 jackals (D:1)
  5 ball pythons
  A ball python skeleton (D:3)
  6 bats
  3 frilled lizards
  2 kobolds
  A quokka zombie (D:3)
  6 rats
50 creatures vanquished.

Notes
Turn   | Place    | Note
-------+----------+-------------------------------------------
     0 | D:1      | Ivernyr the Naga Enchanter began the quest for the Orb.
     0 | D:1      | Reached XP level 1. HP: 15/15 MP: 3/3
   165 | D:1      | Reached XP level 2. HP: 22/22 MP: 5/5
   176 | D:1      | Learned a level 2 spell: Ensorcelled Hibernation
   201 | D:1      | Reached skill level 5 in Stealth
   697 | D:1      | Reached XP level 3. HP: 28/28 MP: 6/6
   798 | D:2      | Found a faded altar of an unknown god.
  1488 | D:2      | Reached XP level 4. HP: 36/36 MP: 7/7
  2280 | D:3      | Reached skill level 6 in Stealth
  2707 | D:3      | Found a shimmering altar of Xom.
  2763 | D:3      | Found a shadowy altar of Dithmenos.
  2888 | D:3      | Slain by an orc

Illustrated notes

Levels and vault maps discovered:
D:1:      eino_arrival_tree_alley, layout_rooms
D:2:      layout_basic, nicolae_ecumenical_pavilion
D:3:      layout_basic, chequers_temple_overflow_statue_of_worship,
          serial_undead, serial_undead_b, serial_undead_b, serial_undead_c,
          serial_undead_a

Skill      XL: |  1  2  3  4 |
---------------+-------------+-----
Stealth        | 5 6 |  6.1
Short Blades   | 2 |  2.0
Dodging        | |  1.5
Spellcasting   | |  2.5
Hexes          | |  3.5

Action                   |  1- 3 |  4- 6 || total
-------------------------+-------+-------++-------
Melee: Dagger            |    63 |    46 ||   109
       Punch             |       |     1 ||     1
 Cast: Ensorcelled Hiber |    11 |    17 ||    28
 Abil: Spit Poison       |    10 |     2 ||    12
 Stab: Sleeping          |    14 |    11 ||    25
Armor: Robe              |    22 |     8 ||    30
Dodge: Dodged            |    42 |    34 ||    76
